 Dungeon Crawl Stone Soup version 0.31.0-11-ge490571c62 (webtiles) character file.

Game seed: 10231975041581381927

123 qw the Skirmisher (level 4, -1/25 HPs)
             Began as a Deep Elf Hunter on Feb 5, 2024.
             Slain by a hobgoblin (2 damage)
             ... on level 3 of the Dungeon.
             The game lasted 00:00:49 (2339 turns).

qw the Skirmisher (Deep Elf Hunter)                 Turns: 2339, Time: 00:00:49

Health: -1/25      AC:  0    Str: 10    XL:     4   Next: 79%
Magic:  6/6        EV: 15    Int: 14    God:
Gold:   86         SH:  0    Dex: 18    Spells: 3/3 levels left

rFire   . . .        a - melded +0 shortbow
rCold   . . .        (shield currently unavailable)
rNeg    . . .        c - melded +0 leather armour
rPois   .            (helmet currently unavailable)
rElec   .            g - melded +0 cloak
rCorr   .            (gloves currently unavailable)
SInv    .            (boots currently unavailable)
Will    .....        (no amulet)
Stlth   ++           (ring currently unavailable)
HPRegen 0.24/turn    (ring currently unavailable)
MPRegen 0.10/turn

%: no passive effects
@: pig-form (expiring), very quick
A: fast, no casting, small
a: no special abilities


You were on level 3 of the Dungeon.
You were a filthy swine.
You visited 1 branch of the dungeon, and saw 3 of its levels.

You collected 122 gold pieces.
You spent 36 gold pieces at shops.


   Skills:
 - Level 1.5 Fighting
 + Level 8.2 Ranged Weapons
 - Level 2.4 Dodging
 - Level 1.2 Stealth


You had 3 spell levels left.
You didn't know any spells.
Your spell library was empty.

Inventory:

Hand Weapons
 a - a +0 shortbow (melded)
Armour
 c - a +0 leather armour (melded)
 g - a +0 cloak (melded)
Wands
 d - a wand of flame (14) (quivered)
Scrolls
 b - 2 scrolls of teleportation
 j - a scroll of poison {unknown}
Potions
 e - 2 potions of curing
 f - a potion of heal wounds {unknown}
 h - a potion of degeneration {unknown}
 i - a potion of lignification {unknown}

Dungeon Overview and Level Annotations

Branches:
Dungeon (3/15)

Altars:
Cheibriados
Ru
Trog
Zin

Shops:
D:2 !

Annotations:
D:3 Natasha


Message History

There is an open door here.
2323 ||| FLEEEEING.
2324 ||| FLEEEEING.
Natasha claws you.
2325 ||| FLEEEEING.
2326 ||| FLEEEEING.
2327 ||| FLEEEEING.
2328 ||| FLEEEEING.
Natasha mumbles some strange words.
2329 ||| FLEEEEING.
2330 ||| FLEEEEING.
2331 ||| FLEEEEING.
A hobgoblin comes into view.
It is wearing the amulet of Zecw {Acrobat Str+2 Slay+2}.
The hobgoblin shouts!
2332 ||| FLEEEEING.
There is an open door here.
2333 ||| FLEEEEING.
Your transformation is almost over.
The hobgoblin hits you.
2334 ||| FLEEEEING.
You hit the hobgoblin but do no damage. The hobgoblin closely misses you.
2335 ||| FLEEEEING.
You hit the hobgoblin.
The hobgoblin is heavily wounded.
Natasha closely misses you. The hobgoblin hits you.
2336 ||| FLEEEEING.
You barely miss the hobgoblin.
The hobgoblin is heavily wounded.
The cerulean imp hits you from afar with a +0 spear.
Natasha barely misses you. The hobgoblin barely misses you.
2337 ||| FLEEEEING.
You hit the hobgoblin.
The hobgoblin is almost dead.
The cerulean imp barely misses you. Natasha closely misses you.
The hobgoblin hits you.
2338 ||| FLEEEEING.
You barely miss the hobgoblin.
The hobgoblin is almost dead.
The cerulean imp misses you. Natasha closely misses you.
The hobgoblin misses you.
2339 ||| FLEEEEING.
You hit the hobgoblin but do no damage.
The hobgoblin is almost dead.
The cerulean imp closely misses you. Natasha claws you! The hobgoblin hits you.
You die...

#.......# ##.#####.##
..........# #.####...##
#.###.....# #####
#..<.....###########.~~~
#######.............~~~~
#g#########...~~%~ #h#
##..~~~~ ##h## #....~~~
##.5.## #..##### ##.....##
#.....# ##.......## ##.###.#
..####.........####...##.##
......'.........'...........
...####....)....####........
##.......## #..>.....


You could see Natasha, a cerulean imp (summoned) and a hobgoblin.

Vanquished Creatures
  Natasha (twice) (D:3)
  An adder (D:3)
  2 dart slugs
  2 ribbon worms (D:2)
  An orc (D:3)
  An endoplasm (D:1)
  A giant cockroach (D:1)
  12 goblins
  4 hobgoblins
  2 quokkas
  7 ball pythons
  6 bats
  A frilled lizard (D:2)
  8 kobolds
  5 rats
55 creatures vanquished.

Notes
Turn   | Place    | Note
-------+----------+-------------------------------------------
     0 | D:1      | qw the Deep Elf Hunter began the quest for the Orb.
     0 | D:1      | Reached XP level 1. HP: 12/12 MP: 3/3
     0 | D:1      | 0 ||| qw: Version: 0.3-a-160-g6735b56
     0 | D:1      | 0 ||| qw: Game counter: 6485
     0 | D:1      | 0 ||| qw: Melee chars always use a shield: true
     0 | D:1      | 0 ||| qw: God list: Okawaru
     0 | D:1      | 0 ||| qw: Allow faded altars: false
     0 | D:1      | 0 ||| qw: Do Orc after clearing Dungeon:15 true
     0 | D:1      | 0 ||| qw: Do second Lair branch before Depths: true
     0 | D:1      | 0 ||| qw: Lair rune preference: random
     0 | D:1      | 0 ||| qw: Goals: Normal
     0 | D:1      | 0 ||| PLANNING D:1-11
   154 | D:1      | Reached XP level 2. HP: 16/16 MP: 4/4
   160 | D:1      | Reached skill level 6 in Ranged Weapons
   618 | D:1      | 618 ||| UPGRADING to +0 cloak.
   623 | D:1      | 623 ||| READING scroll labelled OTOUPT NAEHO.
   627 | D:1      | 627 ||| DROPPING scroll of butterflies.
   731 | D:2      | Reached XP level 3. HP: 20/20 MP: 5/5
   882 | D:2      | Found Paplapod's Distillery.
   894 | D:2      | 894 ||| SHOPLISTING 2 potions of might (96 gold, have 67).
   894 | D:2      | 894 ||| BUYING potion of curing (36 gold).
   894 | D:2      | Bought a potion of curing for 36 gold pieces
   894 | D:2      | 894 ||| SHOPLISTING potion of enlightenment (60 gold, have
                  | 31).
  1321 | D:2      | Reached skill level 7 in Ranged Weapons
  1452 | D:2      | 1452 ||| READING scroll labelled MIONKUKKUN.
  1598 | D:3      | Found a snail-covered altar of Cheibriados.
  1959 | D:3      | Noticed Natasha
  1964 | D:3      | 1964 ||| ZAPPING wand of flame (15) at -2,0 (Natasha;
                  | floor).
  1964 | D:3      | Killed Natasha
  1965 | D:3      | Reached XP level 4. HP: 25/25 MP: 6/6
  2089 | D:3      | 2089 ||| FLEEEEING.
  2090 | D:3      | 2090 ||| FLEEEEING.
  2091 | D:3      | 2091 ||| FLEEEEING.
  2092 | D:3      | 2092 ||| FLEEEEING.
  2093 | D:3      | 2093 ||| FLEEEEING.
  2094 | D:3      | 2094 ||| FLEEEEING.
  2095 | D:3      | 2095 ||| FLEEEEING.
  2096 | D:3      | 2096 ||| FLEEEEING.
  2097 | D:3      | 2097 ||| FLEEEEING.
  2098 | D:3      | 2098 ||| FLEEEEING.
  2099 | D:3      | 2099 ||| FLEEEEING.
  2100 | D:3      | 2100 ||| FLEEEEING.
  2101 | D:3      | 2101 ||| FLEEEEING.
  2102 | D:3      | 2102 ||| FLEEEEING.
  2103 | D:3      | 2103 ||| FLEEEEING.
  2104 | D:3      | 2104 ||| FLEEEEING.
  2105 | D:3      | 2105 ||| FLEEEEING.
  2106 | D:3      | 2106 ||| FLEEEEING.
  2107 | D:3      | 2107 ||| FLEEEEING.
  2108 | D:3      | 2108 ||| FLEEEEING.
  2109 | D:3      | 2109 ||| FLEEEEING.
  2110 | D:3      | 2110 ||| FLEEEEING.
  2111 | D:3      | 2111 ||| FLEEEEING.
  2112 | D:3      | 2112 ||| FLEEEEING.
  2113 | D:3      | 2113 ||| FLEEEEING.
  2114 | D:3      | 2114 ||| FLEEEEING.
  2115 | D:3      | 2115 ||| FLEEEEING.
  2116 | D:3      | 2116 ||| FLEEEEING.
  2117 | D:3      | 2117 ||| FLEEEEING.
  2118 | D:3      | 2118 ||| FLEEEEING.
  2119 | D:3      | 2119 ||| FLEEEEING.
  2120 | D:3      | 2120 ||| FLEEEEING.
  2121 | D:3      | 2121 ||| FLEEEEING.
  2121 | D:3      | Noticed Natasha
  2128 | D:3      | Killed Natasha
  2129 | D:3      | Reached skill level 8 in Ranged Weapons
  2247 | D:3      | 2247 ||| FLEEEEING.
  2253 | D:3      | 2253 ||| FLEEEEING.
  2256 | D:3      | 2256 ||| FLEEEEING.
  2257 | D:3      | 2257 ||| FLEEEEING.
  2258 | D:3      | 2258 ||| FLEEEEING.
  2261 | D:3      | 2261 ||| FLEEEEING.
  2262 | D:3      | 2262 ||| FLEEEEING.
  2263 | D:3      | 2263 ||| FLEEEEING.
  2292 | D:3      | Found a sacrificial altar of Ru.
  2293 | D:3      | Found a glowing silver altar of Zin.
  2314 | D:3      | Found a bloodstained altar of Trog.
  2319 | D:3      | Noticed Natasha
  2321 | D:3      | 2321 ||| FLEEEEING.
  2322 | D:3      | 2322 ||| FLEEEEING.
  2323 | D:3      | 2323 ||| FLEEEEING.
  2324 | D:3      | 2324 ||| FLEEEEING.
  2325 | D:3      | 2325 ||| FLEEEEING.
  2326 | D:3      | 2326 ||| FLEEEEING.
  2327 | D:3      | 2327 ||| FLEEEEING.
  2328 | D:3      | 2328 ||| FLEEEEING.
  2329 | D:3      | 2329 ||| FLEEEEING.
  2330 | D:3      | 2330 ||| FLEEEEING.
  2331 | D:3      | 2331 ||| FLEEEEING.
  2331 | D:3      | Identified the amulet of Zecw {Acrobat Str+2 Slay+2}
  2332 | D:3      | 2332 ||| FLEEEEING.
  2333 | D:3      | 2333 ||| FLEEEEING.
  2334 | D:3      | 2334 ||| FLEEEEING.
  2335 | D:3      | 2335 ||| FLEEEEING.
  2336 | D:3      | 2336 ||| FLEEEEING.
  2337 | D:3      | 2337 ||| FLEEEEING.
  2338 | D:3      | 2338 ||| FLEEEEING.
  2339 | D:3      | 2339 ||| FLEEEEING.
  2339 | D:3      | HP: 1/25 [Natasha (10)]
  2339 | D:3      | Slain by a hobgoblin

Levels and vault maps discovered:
D:1:      sevenhm_arrival_forest_fort_small_3, layout_loops_ring,
          serial_bayou_pond_b, minmay_pentomino_r2
D:2:      layout_basic, serial_shops, nicolae_shop_tiny_waterfront,
          corexii_leaking_fountain, minivault_14, nicolae_twisty_statue_hallways
D:3:      layout_loops_corners, lightli_temple_of_fire, kennysheep_slug_shrine,
          gammafunk_temple_overflow_statue, uniq_grinder, uniq_natasha,
          uniq_robin

Skill      XL: |  1  2  3  4 |
---------------+-------------+-----
Ranged Weapons | 6 7 8 |  8.2
Fighting       | |  1.5
Dodging        | |  2.4
Stealth        | |  1.2

Action                     |  1- 3 |  4- 6 || total
---------------------------+-------+-------++-------
  Melee: Unarmed           |       |     6 ||     6
   Fire: Shortbow          |   114 |    24 ||   138
  Evoke: Wand              |     1 |       ||     1
    Use: Scroll            |     2 |       ||     2
 Armour: Leather armour    |    13 |     8 ||    21
         Skin              |       |     7 ||     7
  Dodge: Dodged            |    16 |    14 ||    30

Table legend:
 A = Non-vault XP
 B = Vault XP
 C = Vault XP percentage of total XP
 D = Non-vault monster count
 E = Vault monster count
 F = Vault count percentage of total count
                 A         B        C        D         E       F
            +---------+---------+-------+---------+---------+-------
      Total |     122 |      54 |  30.7 |      46 |       9 |  16.4
            +---------+---------+-------+---------+---------+-------
        D:1 |      21 |       9 |  30.0 |      15 |       4 |  21.1
        D:2 |      38 |       0 |   0.0 |      21 |       0 |   0.0
        D:3 |      63 |      45 |  41.7 |      10 |       5 |  33.3
            +---------+---------+-------+---------+---------+-------
